 Dungeon Crawl Stone Soup version 0.31.0-32-g396128a36d (webtiles) character file.

Game seed: 16726475668947396910

1488 Logoto the Cleaver (level 8, 0/71 HPs)
             Began as a Hill Orc Berserker on Mar 28, 2024.
             Was a Priest of Trog.
             Slain by a vampire (5 damage)
             ... on level 6 of the Dungeon.
             The game lasted 00:13:13 (5456 turns).

Logoto the Cleaver (Hill Orc Berserker)             Turns: 5456, Time: 00:13:14

Health: 0/71       AC: 11    Str: 28    XL:     8   Next: 80%
Magic:  8/8        EV:  9    Int:  7    God:    Trog [***...]
Gold:   459        SH:  0    Dex: 10    Spells: 7/7 levels left

rFire   + . .        A - +0 war axe
rCold   . . .        (no shield)
rNeg    . . .        n - +0 chain mail
rPois   .            x - +0 helmet
rElec   .            (no cloak)
rCorr   .            (no gloves)
SInv    .            (no boots)
Will    .....        k - amulet of reflection Stlth
                     c - +6 ring of strength
HPRegen 0.31/turn    i - ring of protection from fire
MPRegen 0.11/turn

%: reflection
@: confused, on berserk cooldown, slowed, very slow
A: no striking features
a: Renounce Religion, Berserk, Trog's Hand


You were on level 6 of the Dungeon.
You worshipped Trog.
Trog was most pleased with you.
You visited 1 branch of the dungeon, and saw 6 of its levels.

You collected 459 gold pieces.

Inventory:

Hand Weapons
 a - a +0 hand axe
 w - a +1 hand axe of distortion
 y - a +3 heavy mace
 A - a +0 war axe (weapon)
Missiles
 g - 10 poisoned darts (quivered)
Armour
 n - a +0 chain mail (worn)
 x - a +0 helmet (worn)
Jewellery
 c - a +6 ring of strength (left hand)
 i - a ring of protection from fire (right hand)
 k - an amulet of reflection (around neck)
Wands
 B - a wand of acid (5)
Scrolls
 b - a scroll of fog {unknown}
 d - 2 scrolls of enchant armour {unknown}
 j - a scroll of noise {unknown}
 m - a scroll of revelation {unknown}
 o - a scroll of vulnerability {unknown}
 p - a scroll of teleportation
 s - 2 scrolls of poison
 t - a scroll of amnesia {unknown}
 u - a scroll of enchant weapon
 z - 2 scrolls of immolation {unknown}
 D - 2 scrolls of blinking {unknown}
Potions
 e - a potion of cancellation
 f - 2 potions of berserk rage
 h - a potion of magic
 l - a potion of heal wounds {unknown}
 q - a potion of degeneration {unknown}
 r - a potion of might {unknown}
 v - a potion of ambrosia
 C - a potion of haste {unknown}
 E - a potion of enlightenment {unknown}
 F - a potion of lignification {unknown}
 G - a potion of resistance {unknown}


   Skills:
 * Level 6.6 Fighting
 * Level 10.3 Axes
 + Level 0.2(5.3) Maces & Flails
 * Level 6.4 Armour
 + Level 2.4 Dodging
 + Level 0.4 Stealth
 + Level 0.6 Shields


You had 7 spell levels left.
You didn't know any spells.
Your spell library was empty.

Dungeon Overview and Level Annotations

Branches:
Dungeon (6/15)             Temple (0/1) D:5

Altars:
Hepliaklqana
The Shining One

Shops:
D:1 =   D:4 (:*?*


Message History

* * * LOW HITPOINT WARNING * * *
Something bites you but does no damage.
You bump into the rock wall.
You are no longer berserk.
You are exhausted.
You feel yourself slow down.
You hear some strange, mumbled words.
Something tries to affect you, but you resist.
You completely miss something. Something hits you but does no damage.
Something bites you.
* * * LOW HITPOINT WARNING * * *
Something draws strength from your injuries!
It was a potion of ambrosia.
You are more confused.
You feel invigorated.
You hear some strange, mumbled words.
You are more confused.
Something draws life force from you!
* * * LOW HITPOINT WARNING * * *
You are too confused!
You bump into the rock wall.
Something hits you.
* * * LOW HITPOINT WARNING * * *
Something bites you but does no damage.
You miss something. Something hits you but does no damage.
Something bites you but does no damage. Something hits you but does no damage.
Something bites you.
* * * LOW HITPOINT WARNING * * *
Something draws strength from your injuries!
You bump into the rock wall.
You feel less invigorated. Something hits you.
* * * LOW HITPOINT WARNING * * *
Something bites you.
* * * LOW HITPOINT WARNING * * *
Something draws strength from your injuries!
You barely miss something.
You hear some strange, mumbled words.
Something tries to affect you, but you resist.
Something hits you.
* * * LOW HITPOINT WARNING * * *
Something bites you.
You die...

###########
.....[{@..#
#########?#
#.# #.#
####.###
#......#
#.##.#.#
#..>.#.#
#..###.#


There were no monsters in sight!

Vanquished Creatures
  Menkaure (D:6)
  2 black bears
  An ice beast (D:5)
  An ogre (D:5)
  A phantom (D:4)
  A scorpion (D:5)
  2 bullfrogs (D:6)
  A bombardier beetle (D:6)
  2 gnoll boudas
  4 hounds
  5 orc priests
  An iguana (D:6)
  2 orc wizards
  Robin (D:3)
  9 gnolls
  5 adders
  A shadow imp (D:6)
  2 ufetubi (D:6)
  2 ribbon worms
  17 orcs
  2 ball pythons
  2 bats
  10 endoplasms
  5 giant cockroaches
  19 goblins
  8 hobgoblins
  7 jackals
  3 quokkas
  3 frilled lizards
  6 kobolds
  6 rats
132 creatures vanquished.

Vanquished Creatures (others)
  A bombardier beetle (D:5)
1 creature vanquished.

Grand Total: 133 creatures vanquished

Notes
Turn   | Place    | Note
-------+----------+-------------------------------------------
     0 | D:1      | Logoto the Hill Orc Berserker began the quest for the Orb.
     0 | D:1      | Reached XP level 1. HP: 19/19 MP: 1/1
   167 | D:1      | Found Vifaic's Jewellery Boutique.
   190 | D:1      | Found a faded altar of an unknown god.
   264 | D:1      | Reached XP level 2. HP: 25/27 MP: 2/2
   447 | D:1      | Reached XP level 3. HP: 30/33 MP: 3/3
  1078 | D:2      | Reached skill level 5 in Axes
  1250 | D:2      | Reached XP level 4. HP: 41/41 MP: 4/4
  1389 | D:2      | Reached ** piety under Trog
  1753 | D:3      | Reached XP level 5. HP: 44/47 MP: 5/5
  1858 | D:3      | Noticed Robin
  1904 | D:3      | Killed Robin
  1905 | D:3      | Reached skill level 6 in Axes
  2684 | D:4      | Noticed a black bear
  2694 | D:4      | Killed a black bear
  2695 | D:4      | Reached XP level 6. HP: 55/55 MP: 6/6
  2761 | D:4      | Reached skill level 5 in Fighting
  2783 | D:4      | Found Peoruc's Book Shop.
  2814 | D:4      | Found Ujarintidab's General Store.
  2840 | D:4      | Found Sorchox's General Store.
  2895 | D:4      | Found Ixynuiga's Magic Scroll Emporium.
  2907 | D:4      | Found Xiwick's Weapon Shoppe.
  2996 | D:4      | Reached skill level 7 in Axes
  3005 | D:4      | Reached XP level 7. HP: 58/61 MP: 7/7
  3556 | D:5      | Entered Level 5 of the Dungeon
  3566 | D:5      | Reached skill level 8 in Axes
  3753 | D:5      | Reached skill level 5 in Armour
  3766 | D:5      | Reached XP level 8. HP: 69/69 MP: 8/8
  3908 | D:5      | Found a staircase to the Ecumenical Temple.
  4015 | D:5      | Reached skill level 9 in Axes
  4162 | D:5      | Reached *** piety under Trog
  4799 | D:5      | Found a hazy altar of Hepliaklqana.
  5030 | D:6      | Noticed Menkaure
  5048 | D:6      | Killed Menkaure
  5149 | D:6      | Reached skill level 10 in Axes
  5334 | D:6      | Found a glowing golden altar of the Shining One.
  5433 | D:6      | Noticed a vampire
  5456 | D:6      | Slain by a vampire

Illustrated notes

Levels and vault maps discovered:
D:1:      dpeg_arrival_erosion, layout_loops_ring, serial_forest,
          infiniplex_forest_zigzag_1, infiniplex_forest_lined_room_3,
          infiniplex_forest_clump_curved, infiniplex_forest_clump_tiny,
          serial_shops, nicolae_shop_stone,
          shapermc_ecumenical_altar_totnotflames, chequers_serial_rivers_micro_e
D:2:      minmay_general_purpose_star, layout_loops_ring, hex_large
D:3:      layout_basic, uniq_robin
D:4:      layout_rooms, serial_shops, nicolae_shop_peninsula, shop, shop, shop,
          shop
D:5:      layout_layer_cave, nicolae_hepliaklqana_hippocampus,
          minmay_temple_entry_statues_fountains
D:6:      layout_loops_cross, tso_altar, kennysheep_potato, uniq_menkaure

Skill      XL: |  1  2  3  4  5  6  7  8 |
---------------+-------------------------+-----
Fighting       | 4 5 6 |  6.6
Axes           | 5 6 7 8 10 | 10.3
Dodging        | 2 |  2.4
Armour         | 3 4 5 6 |  6.4
Maces & Flails | |  0.2
Stealth        | |  0.4
Shields        | |  0.6

Action                     |  1- 3 |  4- 6 |  7- 9 || total
---------------------------+-------+-------+-------++-------
  Melee: Hand axe          |    80 |    85 |       ||   165
         Punch             |     1 |     2 |     2 ||     5
         Mace              |       |    24 |       ||    24
         War axe           |       |    46 |   137 ||   183
 Invoke: Berserk           |     3 |     6 |     6 ||    15
    Use: Scroll            |       |       |     6 ||     6
         Potion            |       |       |     1 ||     1
   Stab: Sleeping          |     1 |       |       ||     1
 Armour: Animal skin       |    34 |       |       ||    34
         Scale mail        |       |    46 |       ||    46
         Leather armour    |       |     3 |       ||     3
         Chain mail        |       |    49 |    86 ||   135
  Dodge: Dodged            |    40 |    64 |    50 ||   154
  Block: Other             |       |    14 |    27 ||    41
         Reflection        |       |     1 |     1 ||     2
